 Dungeon Crawl Stone Soup version 0.17.2-1-ge4368a0 (webtiles) character file.

1523 magog001 the Shield-Bearer (level 8, -7/69 HPs)
             Began as a Minotaur Fighter on Nov 13, 2016.
             Mangled by Goblin1989's ghost (12 damage)
             ... on level 6 of the Dungeon.
             The game lasted 00:37:21 (6528 turns).

magog001 the Shield-Bearer (Minotaur Fighter)       Turns: 6528, Time: 00:37:24

Health: -7/69      AC: 14    Str: 24    XL:     8   Next: 54%
Magic:  7/7        EV: 11    Int:  5    God:
Gold:   62         SH:  0    Dex:  9    Spells: 0 memorised, 7 levels left

rFire  . . .     SeeInvis .     L - +3 halberd
rCold  . . .     Clarity  .     x - +0 chain mail
rNeg   . . .     SustAt   .     (shield currently unavailable)
rPois  .         Gourm    .     p - +1 hat
rElec  .         Spirit   .     F - +2 cloak
rCorr  .         Warding  .     (no gloves)
rMut   .         Stasis   .     (no boots)
MR     +....                    r - amulet of inaccuracy
Stlth  ..........               e - +2 ring of evasion
                                i - ring of protection from magic

@: somewhat resistant to hostile enchantments, extremely unstealthy
A: retaliatory headbutt, horns 2
a: no special abilities


You were on level 6 of the Dungeon.
You were not hungry.

You visited 1 branch of the dungeon, and saw 6 of its levels.

You collected 278 gold pieces.
You spent 216 gold pieces at shops.

Inventory:

Hand Weapons
 a - a +1 war axe
 v - a +1 short sword of venom
 C - a +0 shortbow
 G - a +1 dire flail
 K - a +2 great sword
 L - a +3 halberd (weapon)
 M - a +1 trident of freezing
Missiles
 j - 81 bolts
 k - 62 arrows
 s - 20 poisoned needles
 t - 11 sling bullets of flame
Armour
 c - a +0 shield
 p - a +1 hat (worn)
 x - a +0 chain mail (worn)
 F - a +2 cloak (worn)
 N - a +0 robe
Jewellery
 e - a +2 ring of evasion (right hand)
 i - a ring of protection from magic (left hand)
 r - an amulet of inaccuracy (around neck)
 w - an uncursed amulet of faith
Wands
 y - a wand of cold (8)
 I - a wand of polymorph (6)
Scrolls
 h - a scroll of identify
 m - a scroll of recharging {unknown}
 A - 2 scrolls of teleportation
 J - a scroll of amnesia
Potions
 d - a potion of might
 n - 2 potions of ambrosia
 o - a potion of haste {unknown}
 q - 3 potions of lignification {unknown}
 z - 2 potions of curing {unknown}
 D - 2 potions of resistance {unknown}
 E - a potion of agility {unknown}
Books
 B - a book of Envenomations

   Spells                             Type                      Level
   a - Spider Form                    Transmutation/Poison         3
   b - Alistair's Intoxication        Transmutation/Poison         4
   c - Olgreb's Toxic Radiance        Poison                       4
   d - Poisonous Cloud                Conjuration/Poison/Air       6
 H - a book of Cantrips

   Spells                             Type                      Level
   a - Corona                         Hexes                        1
   b - Animate Skeleton               Necromancy                   1
   c - Summon Small Mammal            Summoning                    1
   d - Apportation                    Translocation                1
Comestibles
 b - 3 royal jellies
 f - 6 meat rations
 g - 7 fruits
 l - 4 beef jerkies
 u - 3 bread rations


   Skills:
 + Level 5.5 Fighting
 - Level 6.0(6.1) Axes
 * Level 1.6(4.1) Polearms
 * Level 7.0 Armour
 * Level 4.5 Dodging
 + Level 0.1 Stealth
 - Level 7.8 Shields


You had 7 spell levels left.
You didn't know any spells.

Dungeon Overview and Level Annotations

Branches:
Dungeon (6/15)
 Temple: D:4-7

Altars:
Cheibriados
Okawaru
Vehumet
Xom
Yredelemnul

Shops:
D:5 %

Annotations:
D:2 Sigmund
D:6 Goblin1989's ghost, novice HOGl


Innate Abilities, Weirdness & Mutations

You reflexively headbutt those who attack you in melee.
You have a pair of horns on your head.


Message History

Goblin1989's ghost is severely damaged.
Goblin1989's ghost hits you but does no damage.
Goblin1989's ghost hits you.
* * * LOW HITPOINT WARNING * * *
You miss Goblin1989's ghost.
You headbutt Goblin1989's ghost, but do no damage.
Goblin1989's ghost is severely damaged.
Goblin1989's ghost hits you.
* * * LOW HITPOINT WARNING * * *
You closely miss Goblin1989's ghost.
You headbutt Goblin1989's ghost, but do no damage.
Goblin1989's ghost is severely damaged.
Goblin1989's ghost hits you but does no damage.
You miss Goblin1989's ghost.
Your headbutt misses Goblin1989's ghost.
Goblin1989's ghost is severely damaged.
Goblin1989's ghost hits you.
* * * LOW HITPOINT WARNING * * *
Goblin1989's ghost hits you!
You die...

#.#...............#.##.# #.#
##.#########.#.#.#...##.#####.#
.............#.#.#.####....##.#
##...............#.##.#..#.##.#
#############........#..#....#
#....######)##.#..###### #....#
#.##.#..#
########....######.##.#..#
.......'.......W@..##.#..#
########....#########....#
#....# ####[# ....J....# #.#
%.........# #.# ....S......#
#.# ...........# ######.#
..........?# #......#
#.#############


You could see Goblin1989's ghost.

Vanquished Creatures
  A sky beast (D:5)
  4 ogres (D:5)
  A centaur (D:5)
  A water moccasin zombie (D:5)
  A scorpion (D:5)
  4 wights (D:6)
  2 crimson imps
  A jelly (D:6)
  A hound (D:4)
  5 orc priests
  Jessica (D:2)
  A centaur skeleton (D:6)
  An iguana (D:6)
  4 orc wizards
  3 worker ants (D:5)
  A hound zombie (D:5)
  10 adders
  2 adder skeletons (D:4)
  3 worms
  5 giant geckos
  16 orcs
  3 goblins
  9 hobgoblins
  2 quokkas (D:2)
  A ball python (D:4)
  7 bats
  6 giant cockroaches
  4 giant newts
  12 kobolds
  3 rats
115 creatures vanquished.

Notes
Turn   | Place    | Note
--------------------------------------------------------------
     0 | D:1      | magog001 the Minotaur Fighter began the quest for the Orb.
     0 | D:1      | Reached XP level 1. HP: 19/19 MP: 0/0
   462 | D:1      | Reached skill level 4 in Fighting
   463 | D:1      | Reached XP level 2. HP: 27/27 MP: 1/1
  1119 | D:2      | Reached XP level 3. HP: 31/34 MP: 2/2
  1143 | D:2      | Noticed Sigmund
  1156 | D:2      | Found a shimmering altar of Xom.
  1511 | D:2      | Noticed Jessica
  1520 | D:2      | Killed Jessica
  1520 | D:2      | Reached skill level 1 in Dodging
  1560 | D:2      | Found an iron altar of Okawaru.
  1734 | D:2      | Reached XP level 4. HP: 39/41 MP: 3/3
  2561 | D:2      | Found a snail-covered altar of Cheibriados.
  2566 | D:2      | Found a basalt altar of Yredelemnul.
  2932 | D:3      | Reached skill level 5 in Shields
  2932 | D:3      | Reached XP level 5. HP: 17/47 MP: 4/4
  4115 | D:4      | HP: 1/47 [orc priest/divine providence (15)]
  4120 | D:4      | Reached XP level 6. HP: 12/55 MP: 5/5
  4391 | D:4      | Found a radiant altar of Vehumet.
  4510 | D:4      | Reached skill level 5 in Armour
  4562 | D:4      | Reached skill level 5 in Fighting
  4789 | D:5      | Entered Level 5 of the Dungeon
  4807 | D:5      | Reached XP level 7. HP: 45/61 MP: 6/6
  5062 | D:5      | Reached skill level 6 in Shields
  5118 | D:5      | Found Eckotwock's Food Shoppe.
  5146 | D:5      | Bought 4 fruits for 72 gold pieces
  5146 | D:5      | Bought a royal jelly for 24 gold pieces
  5146 | D:5      | Bought a royal jelly for 24 gold pieces
  5146 | D:5      | Bought 2 beef jerkies for 36 gold pieces
  5146 | D:5      | Bought a bread ration for 60 gold pieces
  5172 | D:5      | Reached skill level 5 in Axes
  5333 | D:5      | Reached XP level 8. HP: 51/68 MP: 7/7
  5391 | D:5      | Reached skill level 7 in Shields
  6326 | D:6      | Reached skill level 1 in Polearms
  6487 | D:6      | Noticed Goblin1989's ghost (novice HOGl)
  6528 | D:6      | Mangled by Goblin1989's ghost

Action                   |  1- 3 |  4- 6 |  7- 9 || total
-------------------------+-------+-------+-------++-------
Melee: Spear             |    85 |       |       ||    85
       War axe           |    11 |   181 |   133 ||   325
       Halberd           |       |       |    48 ||    48
  Use: Scroll            |     2 |     4 |     5 ||    11
       Potion            |       |     1 |     1 ||     2
  Eat: Bread ration      |     1 |       |       ||     1
       Chunk             |       |     6 |     3 ||     9
       Fruit             |       |     2 |       ||     2
       Pizza             |       |       |     1 ||     1
       Beef jerky        |       |       |     1 ||     1
